[Event "Titled Tuesday Blitz May 25 2021"]
[White "Vaidya, Atulya"]
[Black "Mikhailovsky, Vladimir"]
[WhiteFideId "2047713"]
[BlackFideId "34105414"]
[WhiteElo "2448"]
[BlackElo "2308"]
[Result "1-0"]
[Round "05"]
[TimeControl "180+1"]
[Date "2021.05.25"]
[WhiteClock "0:00:48"]
[BlackClock "0:00:01"]

1. d4 d5 2. c4 c6 3. cxd5 cxd5 4. Nf3 Nf6 5. Nc3 Nc6 6. Bf4 Bf5 7. e3 a6 8. Rc1 e6 9. Qb3 Bd6 10. Ne5 Na5 11. Qa4+ b5 12. Nxb5 axb5 13. Bxb5+ Kf8 14. Nd7+ Nxd7 15. Bxd6+ Ke8 16. O-O e5 17. Bc7 Nb7 18. Qb3 Qe7 19. Bxd7+ Qxd7 20. Qxb7 Rc8 21. a4 exd4 22. exd4 Be6 23. a5 f6 24. a6 Kf7 25. Bg3 Rxc1 26. Rxc1 Kg6 27. Rc7 Qa4 28. Rxg7+ Kf5 29. h3 h5 30. Qc7 Qxd4 31. a7 h4 32. Bd6 Ra8 33. Qc2+ Qe4 34. Qd1 1-0


[Site "https://www.chess.com"]

[Event "Titled Tuesday Blitz May 25 2021"]
[White "Van Foreest, Jorden"]
[Black "David, Alexandru-Vasile"]
[WhiteFideId "1039784"]
[BlackFideId "1223453"]
[WhiteElo "2622"]
[BlackElo "2404"]
[Result "1-0"]
[Round "05"]
[TimeControl "180+1"]
[Date "2021.05.25"]
[WhiteClock "0:01:48"]
[BlackClock "0:00:45"]

1. b3 e5 2. Bb2 Nc6 3. c4 Bc5 4. e3 d6 5. Nf3 Nge7 6. Nc3 O-O 7. Be2 a6 8. O-O Ba7 9. d4 Bg4 10. h3 Bxf3 11. Bxf3 exd4 12. exd4 Bxd4 13. Qc2 Bf6 14. Be4 g6 15. Rad1 Qd7 16. Bxc6 bxc6 17. Ne4 Bxb2 18. Qxb2 f5 19. Nf6+ Rxf6 20. Qxf6 Rf8 21. Qc3 f4 22. Rfe1 f3 23. Qe3 Rf7 24. Qe6 Qxe6 25. Rxe6 fxg2 26. Kxg2 c5 27. Rd3 Nf5 28. Re8+ Kg7 29. Ra8 Nh4+ 30. Kf1 g5 31. Rxa6 h5 32. a4 Nf3 33. a5 g4 34. hxg4 hxg4 35. Ra8 Kg6 36. a6 Kf5 37. a7 Rh7 38. Rf8+ Ke4 39. Re3+ Kd4 40. Rf4# 1-0


[Site "https://www.chess.com"]

[Event "Titled Tuesday Blitz May 25 2021"]
[White "Vogel, Roven"]
[Black "Orlov, Oleg"]
[WhiteFideId "12908088"]
[BlackFideId "4166612"]
[WhiteElo "2752"]
[BlackElo "2561"]
[Result "1-0"]
[Round "05"]
[TimeControl "180+1"]
[Date "2021.05.25"]
[WhiteClock "0:00:14"]
[BlackClock "0:00:09"]

1. d4 Nf6 2. c4 d6 3. Nf3 g6 4. g3 Bg7 5. Bg2 O-O 6. O-O Nc6 7. Nc3 e5 8. dxe5 dxe5 9. Bg5 h6 10. Bxf6 Bxf6 11. Nd2 Bg7 12. Nd5 f5 13. Nb3 e4 14. Qc2 a5 15. Rad1 a4 16. Nb6 axb3 17. Qxb3 cxb6 18. Rxd8 Rxd8 19. c5+ Kh7 20. Qxb6 Rxa2 21. b4 Rxe2 22. b5 Rb2 23. h4 h5 24. Rc1 Kh8 25. Bf1 Be5 26. Ra1 Rf8 27. Ra8 Bf6 28. Qc7 Ne7 29. Qd6 Kg7 30. Ra7 Rc2 31. c6 bxc6 32. Rxe7+ Bxe7 33. Qxe7+ Kg8 34. b6 e3 35. Qxe3 c5 36. Qb3+ c4 37. Qxc2 Kg7 38. Bxc4 Rf6 39. Qb2 Bb7 40. Bf1 Kf7 41. Bg2 Rxb6 42. Qxb6 1-0


[Site "https://www.chess.com"]

[Event "Titled Tuesday Blitz May 25 2021"]
[White "Von Buelow, Georg"]
[Black "Aliavdin, Nikolai"]
[WhiteFideId "4620658"]
[BlackFideId "13502883"]
[WhiteElo "2229"]
[BlackElo "2268"]
[Result "1/2-1/2"]
[Round "05"]
[TimeControl "180+1"]
[Date "2021.05.25"]
[WhiteClock "0:00:08"]
[BlackClock "0:00:17"]

1. e4 c5 2. Nf3 d6 3. d4 cxd4 4. Nxd4 Nf6 5. Nc3 a6 6. f4 e5 7. Nf3 Nbd7 8. a4 Be7 9. Bd3 O-O 10. O-O Re8 11. Kh1 Qc7 12. Qe1 Bd8 13. Nh4 Nc5 14. fxe5 dxe5 15. Nf5 Bxf5 16. Rxf5 Nxd3 17. cxd3 Qd7 18. Qg3 g6 19. Bh6 Kh8 20. Rxe5 Bc7 21. Rxe8+ Rxe8 22. Qf3 Ng4 23. Bg5 Bd8 24. Bxd8 Rxd8 25. Nd5 Qe6 26. Rf1 Ne5 27. Qg3 b5 28. axb5 axb5 29. Rf6 Qe8 30. h3 Rc8 31. Kh2 Kg7 32. Rb6 Rd8 33. Rb7 Rd7 34. Rxd7 Nxd7 35. Qd6 Qe5+ 36. Qxe5+ Nxe5 37. Nb4 f5 38. exf5 gxf5 39. Kg3 Kf6 40. Kf4 Ng6+ 41. Ke3 Ke5 42. d4+ Kd6 43. Nd3 Kd5 44. Nf4+ Nxf4 45. Kxf4 Kxd4 46. Kxf5 Kc4 47. g4 Kb3 48. Kg5 Kxb2 49. Kh6 b4 50. Kxh7 b3 51. g5 Kc2 52. g6 b2 53. g7 b1=Q 54. g8=Q Kd2+ 55. Qg6 Qb7+ 56. Qg7 Qe4+ 57. Qg6 Qe7+ 58. Kh6 Qh4+ 59. Qh5 Qf6+ 60. Kh7 Qe7+ 61. Kg6 Qe8+ 62. Kg5 Qe7+ 63. Kg4 Qe2+ 64. Kg5 Qe7+ 65. Kg6 Qe8+ 66. Kh6 Qe6+ 67. Kg5 Qe5+ 68. Kg6 Qe8+ 1/2-1/2


[Site "https://www.chess.com"]

[Event "Titled Tuesday Blitz May 25 2021"]
[White "Vovk, Orest"]
[Black "Kosteniuk, Alexandra"]
[WhiteFideId "14113490"]
[BlackFideId "4128125"]
[WhiteElo "2541"]
[BlackElo "2701"]
[Result "1-0"]
[Round "05"]
[TimeControl "180+1"]
[Date "2021.05.25"]
[WhiteClock "0:00:12"]
[BlackClock "0:00:20"]

1. h3 h5 2. Nc3 d5 3. e4 d4 4. Nce2 e5 5. Nf3 Nc6 6. Neg1 g6 7. Bc4 Qd6 8. Ng5 Nh6 9. d3 f6 10. N5f3 Be6 11. Bxe6 Qxe6 12. Ne2 g5 13. c3 O-O-O 14. cxd4 exd4 15. Qa4 Bc5 16. Bd2 g4 17. hxg4 hxg4 18. Nh4 Ne5 19. Nf4 Qe8 20. Qxe8 Rhxe8 21. Nhg6 Nhf7 22. Rh5 c6 23. O-O-O Bb6 24. Rf5 Nd7 25. Nh5 Nfe5 26. Nxe5 Nxe5 27. Kc2 Re6 28. Nxf6 Bc7 29. Nh5 c5 30. Nf4 c4 31. Nxe6 1-0


[Site "https://www.chess.com"]

[Event "Titled Tuesday Blitz May 25 2021"]
[White "Wagh Suyog"]
[Black "Dan-Lowes"]
[WhiteFideId "25071688"]
[WhiteElo "2219"]
[BlackElo "2077"]
[Result "1/2-1/2"]
[Round "05"]
[TimeControl "180+1"]
[Date "2021.05.25"]
[WhiteClock "0:00:09"]
[BlackClock "0:00:21"]

1. e4 c5 2. Nc3 d6 3. f4 g6 4. Nf3 Nc6 5. Bc4 Bg7 6. O-O e6 7. f5 exf5 8. d3 Nge7 9. Qe1 h6 10. Kh1 Be6 11. exf5 Bxc4 12. dxc4 O-O 13. f6 Bxf6 14. Bxh6 Bg7 15. Bxg7 Kxg7 16. Rd1 Nf5 17. Qd2 Ncd4 18. Nxd4 Nxd4 19. Nd5 Qh4 20. Rf4 Qh5 21. Rdf1 Rae8 22. R4f2 Re2 23. Rxe2 Qxe2 24. Qf4 Nf5 25. g4 Nh6 26. h3 Re8 27. Qf2 Qxf2 28. Rxf2 f5 29. gxf5 Nxf5 30. b3 Re4 31. Kg2 a6 32. a4 Nd4 33. Kg3 Nf5+ 34. Kg2 Kf7 35. Rd2 Ke6 36. Nc7+ Kd7 37. Nd5 Nh4+ 38. Kg3 Ke6 39. Nf4+ Kf5 40. Rd5+ Re5 41. Nd3 Rxd5 42. cxd5 g5 43. Nb2 b5 44. axb5 axb5 45. c4 bxc4 46. Nxc4 Ke4 47. Nxd6+ Kxd5 48. Nf7 c4 49. bxc4+ Kxc4 50. Nxg5 Nf5+ 51. Kf4 Ng7 52. h4 Kd5 53. Kg4 Ke5 54. Nh3 Kf6 55. Nf4 Kf7 56. Kg5 Kg8 57. Kg6 Kh8 58. Nd5 Ne6 59. Nf6 Nf4+ 60. Kf5 Kg7 61. Ne8+ Kf8 62. Nd6 Nh5 63. Ne4 Ng7+ 64. Kg6 Ne6 65. Nf6 Nf4+ 66. Kg5 Ne6+ 67. Kf5 Kf7 68. Ne4 Ng7+ 69. Kg5 Ne6+ 70. Kh6 Nf4 71. Ng5+ Kg8 72. Nf3 Kf7 73. Kg5 Ne6+ 74. Kf5 Ng7+ 75. Kg4 Kg6 76. Ne5+ Kf6 77. Nd7+ Kg6 78. Nf8+ Kf6 79. Nh7+ Kg6 80. Ng5 Kf6 81. Ne4+ Kg6 82. Ng3 Kf6 83. Ne2 Kg6 84. Nf4+ Kf6 85. Nd5+ Kg6 86. Ne3 Kf6 87. Ng2 Kg6 88. Ne1 Kf6 89. Nd3 Kg6 90. Nf4+ Kf6 91. Nd5+ Kg6 92. Nc7 Kf6 93. Nb5 Kg6 94. Nd6 Kf6 95. Ne4+ Kg6 96. Ng5 Kf6 97. Nh3 Kg6 98. Nf4+ 1/2-1/2


[Site "https://www.chess.com"]

[Event "Titled Tuesday Blitz May 25 2021"]
[White "Yoo, Christopher Woojin"]
[Black "Jaracz, Pawel"]
[WhiteFideId "30909694"]
[BlackFideId "1102222"]
[WhiteElo "2009"]
[BlackElo "2495"]
[Result "1-0"]
[Round "05"]
[TimeControl "180+1"]
[Date "2021.05.25"]
[WhiteClock "0:00:02"]
[BlackClock "0:00:23"]

1. e4 c6 2. d4 d5 3. exd5 cxd5 4. c4 Nf6 5. Nc3 Nc6 6. Nf3 a6 7. cxd5 Nxd5 8. Bd3 g6 9. Qb3 Be6 10. Ne4 Nf4 11. Qd1 Nxd3+ 12. Qxd3 Nb4 13. Qd2 Bf5 14. Qxb4 Bxe4 15. O-O Bxf3 16. gxf3 e6 17. Qxb7 Qc8 18. Qxc8+ Rxc8 19. Be3 Kd7 20. Rfd1 Bd6 21. d5 e5 22. Rac1 f5 23. Kf1 Rxc1 24. Rxc1 Rb8 25. b3 Rb5 26. Rc6 a5 27. Ra6 Rxd5 28. Ra7+ Ke6 29. Rxh7 f4 30. Bb6 Bb4 31. Ra7 Rd1+ 32. Kg2 Rd2 33. a4 Re2 34. Ra6 Kd5 35. Ba7 g5 36. Rg6 Be7 37. Bb6 Rb2 38. Bxa5 Bc5 39. Be1 Rb1 40. Ba5 Rb2 41. Be1 Rxb3 42. Rxg5 Ra3 43. a5 Bd4 44. h4 Ra1 45. Bd2 Ra2 46. Be1 Ra1 47. Bb4 Ra4 48. Bd2 Ra2 49. Be1 Kc4 50. h5 Ra1 51. Bd2 Ra2 52. Be1 Ra1 53. Bd2 Rd1 54. Bxf4 Kd3 55. h6 exf4 56. Rf5 Rd2 57. Rxf4 Bc3 58. Rf5 Bd4 59. h7 Rxf2+ 60. Kg3 Rf1 61. Rd5 Rh1 62. Rd7 Kc4 63. a6 Rh6 64. a7 Rg6+ 65. Kf4 Rf6+ 66. Kg5 1-0


[Site "https://www.chess.com"]

[Event "Titled Tuesday Blitz May 25 2021"]
[White "Zhigalko, Sergei"]
[Black "Zarubitski, Viachaslau"]
[WhiteFideId "13502956"]
[BlackFideId "13509373"]
[WhiteElo "2662"]
[BlackElo "2363"]
[Result "1-0"]
[Round "05"]
[TimeControl "180+1"]
[Date "2021.05.25"]
[WhiteClock "0:00:05"]
[BlackClock "0:00:03"]

1. e4 e5 2. Nf3 Nf6 3. d4 Nxe4 4. Bd3 Nc6 5. d5 Nf6 6. dxc6 e4 7. cxb7 Bxb7 8. Be2 exf3 9. Bxf3 Bxf3 10. Qxf3 d5 11. O-O Be7 12. Rd1 O-O 13. c4 d4 14. Bg5 a5 15. Nc3 c6 16. Qxc6 Rc8 17. Qa6 Ra8 18. Qc6 Rc8 19. Qa4 Qc7 20. Rxd4 Qe5 21. Bxf6 Bxf6 22. Rd2 Qf4 23. Rad1 Bxc3 24. bxc3 Qxc4 25. Qxa5 Qxc3 26. Qxc3 Rxc3 27. g3 g6 28. Rb1 Ra8 29. Rb7 Rc6 30. h4 h5 31. Kg2 Rca6 32. Rbb2 Rf6 33. Rdc2 Kg7 34. Rb4 Rfa6 35. Rbb2 R8a7 36. Kf1 Ra3 37. Ke1 Re7+ 38. Kd1 Rd7+ 39. Rd2 Re7 40. Rb3 Ra4 41. a3 Rea7 42. Rdd3 Rc7 43. Rb4 Ra5 44. Kd2 Rac5 45. Rb2 Ra5 46. Ra2 Ra4 47. Rb3 Rd4+ 48. Ke3 Ra4 49. Ke2 Re4+ 50. Kf1 Ra4 51. Rb4 Ra5 52. a4 Rca7 53. Ke2 Kf6 54. Kd3 R7a6 55. Kc4 Ke6 56. Kb3 Kd5 57. Rd2+ Kc6 58. Rdd4 Rf5 59. Rf4 Raa5 60. Rxf5 Rxf5 61. Rf4 Rd5 62. Rf6+ Kc5 63. Rxf7 Rd3+ 64. Kb2 Kb4 65. Rf4+ Ka5 66. Kc2 Ra3 67. Kd2 Ra2+ 68. Ke3 Ra3+ 69. Ke2 Ra2+ 70. Kf3 Ra3+ 71. Kg2 Rc3 72. Rf6 1-0


[Site "https://www.chess.com"]

[Event "Titled Tuesday Blitz May 25 2021"]
[White "Zierk, Steven"]
[Black "Xiong, Jeffery"]
[WhiteFideId "2034255"]
[BlackFideId "2047640"]
[WhiteElo "2502"]
[BlackElo "2724"]
[Result "1-0"]
[Round "05"]
[TimeControl "180+1"]
[Date "2021.05.25"]
[WhiteClock "0:00:04"]
[BlackClock "0:00:04"]

1. e4 e6 2. d4 d5 3. Nc3 Bb4 4. Ne2 Nc6 5. a3 Ba5 6. exd5 exd5 7. Ng3 Nge7 8. Bf4 O-O 9. Qd2 Bb6 10. Nce2 Ng6 11. Be3 Na5 12. b3 Qh4 13. Ng1 Bg4 14. h3 Bd7 15. Nf3 Qe7 16. Be2 f5 17. Nh5 Rae8 18. Bg5 Qf7 19. O-O f4 20. Nh4 Nc6 21. Nxg6 Qxg6 22. Bxf4 Nxd4 23. Bd1 Bxh3 24. Ng3 Bg4 25. Be3 c5 26. Bxd4 cxd4 27. Bxg4 Qxg4 28. Qd3 h5 29. Rae1 h4 30. Rxe8 Rxe8 31. Nf5 Re6 32. Qh3 Qxh3 33. gxh3 Re2 34. Rd1 d3 35. Rxd3 Rxf2 36. Ne7+ Kf7 37. Nxd5 Rxc2+ 38. Nxb6 axb6 39. Rd4 1-0


[Site "https://www.chess.com"]

[Event "Titled Tuesday Blitz May 25 2021"]
[White "Zubov, Alexander"]
[Black "Maly, Alexey"]
[WhiteFideId "14109409"]
[BlackFideId "14103184"]
[WhiteElo "2740"]
[BlackElo "2314"]
[Result "1-0"]
[Round "05"]
[TimeControl "180+1"]
[Date "2021.05.25"]
[WhiteClock "0:00:04"]
[BlackClock "0:00:10"]

1. d4 d5 2. Nf3 Nf6 3. c4 dxc4 4. e3 e6 5. Bxc4 a6 6. Qe2 b5 7. Bd3 Bb7 8. a4 b4 9. e4 Nbd7 10. Nbd2 Be7 11. Nc4 c5 12. e5 Nd5 13. h4 h6 14. Rh3 Qc7 15. Rg3 g5 16. Bd2 O-O-O 17. Rc1 Kb8 18. Kf1 gxh4 19. Rg7 Rdf8 20. a5 h3 21. gxh3 Rhg8 22. Rh7 Rh8 23. Rg7 Rhg8 24. Rh7 Rh8 25. Rxh8 Rxh8 26. Kg1 Rg8+ 27. Kh2 f6 28. Rg1 Rxg1 29. Kxg1 cxd4 30. exf6 N5xf6 31. Nxd4 Bc5 32. Be3 Nf8 33. Nd2 Qg7+ 34. Kf1 Qg2+ 35. Ke1 Qxh3 36. N2b3 Bxd4 37. Bxd4 N8d7 38. Kd2 Bf3 39. Be5+ Kc8 40. Bxa6+ Kd8 41. Bxf6+ Nxf6 42. Qd3+ Ke7 43. Bc4 Qh1 44. Nd4 Ng4 45. Nxf3 Qxf3 46. Qxf3 Ne5 47. Qe4 Nxc4+ 48. Qxc4 b3 49. Qb4+ 1-0


[Site "https://www.chess.com"]

[Event "Titled Tuesday Blitz May 25 2021"]
[White "elcandado"]
[Black "Bortnyk, Olexandr"]
[BlackFideId "14120828"]
[WhiteElo "2642"]
[BlackElo "2723"]
[Result "0-1"]
[Round "05"]
[TimeControl "180+1"]
[Date "2021.05.25"]
[WhiteClock "0:00:13"]
[BlackClock "0:00:26"]

1. d4 Nf6 2. Bf4 d6 3. Nc3 Nbd7 4. Nf3 c6 5. a4 Qa5 6. Bd2 e5 7. e4 Qc7 8. Be2 a5 9. O-O Be7 10. h3 O-O 11. Re1 Re8 12. Bc4 Nf8 13. dxe5 dxe5 14. Ng5 Be6 15. Nxe6 Nxe6 16. Bxe6 fxe6 17. Qf3 Rf8 18. Qg3 Rf7 19. Bg5 Raf8 20. Bxf6 Rxf6 21. Re2 Qb6 22. Nd1 Rf4 23. Qb3 Qxb3 24. cxb3 Bc5 25. Rc1 Bd4 26. Rcc2 h5 27. Kf1 g5 28. Ke1 g4 29. hxg4 Rxg4 30. f3 Rh4 31. Nf2 Rh2 32. Nh3 Rh1+ 33. Kd2 Rd8 34. Rc4 Bxb2+ 35. Kc2 Ba3 36. Rd2 Rc1# 0-1


[Site "https://www.chess.com"]

[Event "Titled Tuesday Blitz May 25 2021"]
[White "Abdrlauf, Elham"]
[Black "Iskusnyh, Sergei"]
[WhiteFideId "1533533"]
[BlackFideId "4120027"]
[WhiteElo "2326"]
[BlackElo "2492"]
[Result "1-0"]
[Round "06"]
[TimeControl "180+1"]
[Date "2021.05.25"]
[WhiteClock "0:00:02"]
[BlackClock "0:00:01"]

1. e4 e6 2. d4 d5 3. Nc3 Nf6 4. Bg5 dxe4 5. Nxe4 Nbd7 6. Nf3 h6 7. Nxf6+ Nxf6 8. Be3 Bd6 9. Bd3 b6 10. Ne5 O-O 11. Qf3 Nd5 12. c4 Bxe5 13. dxe5 Nxe3 14. Qxe3 Bb7 15. O-O-O Qe7 16. Rhg1 Rad8 17. Bc2 Qh4 18. g4 Rxd1+ 19. Rxd1 Qxg4 20. b3 Bc6 21. Rd4 Qg5 22. f4 Qg2 23. Kb2 a5 24. Kc3 g6 25. Rd2 Qh1 26. h3 Qa1+ 27. Kd3 Rd8+ 28. Ke2 Rxd2+ 29. Qxd2 Kg7 30. Qd8 Qh1 31. Qf6+ Kg8 32. Qd8+ Kh7 33. Qxc7 Qf3+ 34. Kd2 Qxf4+ 35. Kc3 Qe3+ 36. Kb2 Qd4+ 37. Kb1 Qg1+ 38. Kb2 Qd4+ 39. Kb1 Qd7 40. Qxb6 Kg7 41. Qxa5 g5 42. Qc3 h5 43. b4 g4 44. hxg4 hxg4 45. b5 Bb7 46. Qg3 Qd4 47. Qh4 Qg1+ 48. Kb2 Qd4+ 49. Kb3 Qe3+ 50. Ka4 Qa7+ 51. Kb4 1-0


[Site "https://www.chess.com"]

[Event "Titled Tuesday Blitz May 25 2021"]
[White "Abdusattorov, Nodirbek"]
[Black "Yoo, Christopher Woojin"]
[WhiteFideId "14204118"]
[BlackFideId "30909694"]
[WhiteElo "2662"]
[BlackElo "2009"]
[Result "1-0"]
[Round "06"]
[TimeControl "180+1"]
[Date "2021.05.25"]
[WhiteClock "0:00:12"]
[BlackClock "0:00:01"]

1. d4 Nf6 2. c4 e6 3. Nc3 Bb4 4. g3 c5 5. Nf3 b6 6. Bg2 Bb7 7. O-O O-O 8. d5 Bxc3 9. bxc3 exd5 10. Nh4 d6 11. cxd5 Nbd7 12. Bf4 Ne5 13. Bxe5 dxe5 14. c4 Ne8 15. Nf5 g6 16. Nh6+ Kg7 17. Ng4 Qe7 18. Qd2 f5 19. Ne3 Nd6 20. Qc3 Qf6 21. a4 e4 22. Qb3 Ba6 23. Rad1 g5 24. f4 exf3 25. Rxf3 f4 26. gxf4 gxf4 27. Rdf1 Qe5 28. Ng4 Qd4+ 29. e3 fxe3 30. Qxe3 Qxe3+ 31. Rxe3 Bxc4 32. Re7+ Kh8 33. Rf6 Nf5 34. Rxa7 Nd4 35. Rxf8+ Rxf8 36. Be4 Ne2+ 37. Kg2 Nf4+ 38. Kg3 Nh5+ 39. Kh4 Nf6 40. Nxf6 Rxf6 41. Kg5 Rd6 42. Rxh7+ Kg8 43. Rh6 Rd8 44. d6 Kg7 45. h4 Bg8 46. Rg6+ Kh8 47. h5 c4 48. Rf6 c3 49. Bc2 Kg7 50. h6+ Kh8 51. Kf4 Bh7 52. Bxh7 Kxh7 53. Ke5 c2 54. Rf7+ Kxh6 55. Rc7 Re8+ 56. Kd5 Re2 57. d7 Rd2+ 58. Ke6 Kg6 59. Ke7 Re2+ 60. Kd8 Rd2 61. Kc8 1-0


[Site "https://www.chess.com"]

[Event "Titled Tuesday Blitz May 25 2021"]
[White "AldokhinIvan"]
[Black "Trimitzios, Petros"]
[BlackFideId "25808796"]
[WhiteElo "2522"]
[BlackElo "2049"]
[Result "1-0"]
[Round "06"]
[TimeControl "180+1"]
[Date "2021.05.25"]
[WhiteClock "0:00:08"]
[BlackClock "0:00:01"]

1. e4 e5 2. Nf3 Nf6 3. d4 Nxe4 4. Bd3 d5 5. Nxe5 Bd6 6. Nd2 Nxd2 7. Bxd2 O-O 8. O-O Nd7 9. Nxd7 Qxd7 10. Qh5 g6 11. Qh6 c6 12. Rae1 f6 13. Bf4 Bxf4 14. Qxf4 Qg4 15. Qc7 Rf7 16. Re8+ Kg7 17. Re7 Bd7 18. h3 Qxg2+ 19. Kxg2 Rxe7 20. Qd6 Rae8 21. h4 Bg4 22. Kg3 Bh5 23. a4 Re6 24. Qc7+ R8e7 25. Qf4 a6 26. a5 h6 27. f3 Re3 28. Rf2 R3e6 29. Qb8 f5 30. Qf4 Kh7 31. Qd2 Re3 32. Kf4 Kg7 33. Qxe3 g5+ 34. hxg5 hxg5+ 35. Kxg5 Rxe3 36. Kxh5 Kf6 37. Kh4 Re8 38. Kg3 Rg8+ 39. Kf4 Rh8 40. Rg2 Rh4+ 41. Ke3 f4+ 42. Kd2 Rh3 43. Ke2 Rh1 44. Rg6+ Kf7 45. Rg4 Rh2+ 46. Kd1 Rh1+ 47. Kd2 Ra1 48. Rxf4+ Ke7 49. b4 Ra4 50. Kc3 Ra1 51. Rh4 Kd6 52. Rh7 Rh1 53. Bf5 1-0


[Site "https://www.chess.com"]

[Event "Titled Tuesday Blitz May 25 2021"]
[White "Aliavdin, Nikolai"]
[Black "Martin Carmona, Gaston Manuel"]
[WhiteFideId "13502883"]
[BlackFideId "22284567"]
[WhiteElo "2268"]
[BlackElo "2144"]
[Result "0-1"]
[Round "06"]
[TimeControl "180+1"]
[Date "2021.05.25"]
[WhiteClock "0:01:03"]
[BlackClock "0:00:32"]

1. e4 c5 2. Nf3 d6 3. d4 cxd4 4. Nxd4 Nf6 5. Nc3 g6 6. Be3 Bg7 7. f3 Nc6 8. Qd2 O-O 9. g4 Nxd4 10. Bxd4 Be6 11. h4 Qa5 12. h5 Rfc8 13. hxg6 hxg6 14. a3 Bc4 15. O-O-O b5 16. Kb1 Rab8 17. Bxf6 Bxf6 18. Nd5 Qxd2 19. Nxf6+ Kg7 20. Rxd2 Kxf6 21. Bxc4 bxc4 22. c3 Rh8 23. Rdh2 Rxh2 24. Rxh2 Ke5 25. Kc2 Kf4 26. Rh3 e6 27. Kc1 Rb7 28. Kc2 d5 29. exd5 exd5 30. Kc1 Re7 31. Kd2 Rb7 32. Kc1 g5 33. Kc2 Re7 34. Kd2 Rb7 35. Kc2 f6 36. Kc1 a6 37. Kc2 Rb6 38. Kc1 Re6 39. Kd2 Rb6 40. Kc1 Ke3 41. Kc2 Kf2 42. Rh7 Kxf3 43. Rd7 Kxg4 44. Rxd5 Kf3 45. Rf5+ Ke4 46. Rc5 g4 47. Rxc4+ Kf3 48. Rd4 g3 49. Rd3+ Kg4 50. Rd1 g2 51. c4 Kg3 52. c5 Rc6 53. b4 f5 54. Kd3 f4 55. Ke4 f3 56. Rd8 f2 57. Rg8+ Kh2 0-1


[Site "https://www.chess.com"]

[Event "Titled Tuesday Blitz May 25 2021"]
[White "Annaberdiyev, Babageldi"]
[Black "Martinez Alcantara, Jose Eduardo"]
[WhiteFideId "14000385"]
[BlackFideId "3805662"]
[WhiteElo "2332"]
[BlackElo "2690"]
[Result "0-1"]
[Round "06"]
[TimeControl "180+1"]
[Date "2021.05.25"]
[WhiteClock "0:01:30"]
[BlackClock "0:00:35"]

1. e4 c5 2. Nf3 d6 3. d4 cxd4 4. Nxd4 Nf6 5. Nc3 a6 6. Bg5 e6 7. f4 Be7 8. Qf3 Qc7 9. O-O-O Nbd7 10. g4 h6 11. Bxf6 Bxf6 12. h4 Nb6 13. g5 Bxd4 14. Rxd4 Qc5 15. Rd2 Bd7 16. g6 fxg6 17. Rg2 Rc8 18. Rhg1 Rf8 19. Bd3 e5 20. f5 gxf5 21. exf5 d5 0-1


[Site "https://www.chess.com"]

[Event "Titled Tuesday Blitz May 25 2021"]
[White "Aradhya, Garg"]
[Black "Karttunen, Mika"]
[WhiteFideId "25006746"]
[BlackFideId "502081"]
[WhiteElo "2146"]
[BlackElo "2343"]
[Result "1/2-1/2"]
[Round "06"]
[TimeControl "180+1"]
[Date "2021.05.25"]
[WhiteClock "0:00:46"]
[BlackClock "0:00:15"]

1. d4 Nf6 2. c4 c5 3. d5 b5 4. cxb5 a6 5. b6 Qxb6 6. Nc3 d6 7. Nf3 g6 8. Nd2 Qd8 9. e4 Nbd7 10. Be2 Bg7 11. O-O O-O 12. a4 Ne8 13. a5 Nc7 14. Nc4 Nb5 15. Bd2 Nd4 16. Rb1 Rb8 17. f4 Nxe2+ 18. Qxe2 Nf6 19. Nb6 Rxb6 20. axb6 Qxb6 21. Kh1 Qb3 22. Qd1 Qc4 23. Re1 Ng4 24. Qe2 Qd4 25. h3 Nf2+ 26. Kh2 Nd3 27. Be3 Qc4 28. Red1 Nxb2 29. Rxb2 Qxc3 30. Rb8 Bd7 31. Rxf8+ Bxf8 32. Qd2 Qc4 33. Qd3 Qxd3 34. Rxd3 Bb5 35. Ra3 Bg7 36. Kg3 Bb2 37. Ra2 Bc3 38. Kf3 f5 39. g4 fxe4+ 40. Kxe4 Kf7 41. h4 Bf6 42. g5 Bc3 43. h5 Bb4 44. hxg6+ hxg6 45. Bd2 a5 46. Bxb4 axb4 47. Ra7 Bf1 48. f5 Bg2+ 49. Kf4 gxf5 50. Kxf5 Bxd5 51. g6+ Ke8 52. Kg5 b3 53. Ra5 Be6 54. Kh6 c4 55. Ra8+ Kd7 56. Ra7+ Kd8 57. Ra8+ Kc7 58. Ra7+ Kc6 59. Rxe7 b2 60. Rxe6 b1=Q 61. g7 Qh1+ 62. Kg6 Qg2+ 63. Kf7 Qf3+ 64. Rf6 Qh5+ 65. Kf8 Qe5 66. Kf7 Qd5+ 67. Kf8 c3 68. g8=Q Qxg8+ 69. Kxg8 Kc5 70. Kf7 d5 71. Ke6 c2 72. Rf8 Kd4 73. Rc8 Kd3 74. Kxd5 Kd2 75. Kd4 c1=Q 76. Rxc1 Kxc1 1/2-1/2


[Site "https://www.chess.com"]

[Event "Titled Tuesday Blitz May 25 2021"]
[White "Araujo Sanchez, Josue"]
[Black "Terry, Renato"]
[WhiteFideId "6416896"]
[BlackFideId "3803457"]
[WhiteElo "2140"]
[BlackElo "2581"]
[Result "0-1"]
[Round "06"]
[TimeControl "180+1"]
[Date "2021.05.25"]
[WhiteClock "0:02:00"]
[BlackClock "0:02:13"]

1. c4 e5 2. d3 Nc6 3. a3 g6 4. b4 Bg7 5. Bb2 d6 6. g3 h5 7. h4 Nh6 8. Bg2 O-O 9. Nc3 a5 10. b5 Nd4 11. e3 Ne6 12. Nge2 Rb8 13. f4 Ng4 14. Qd2 Re8 15. Bf3 exf4 16. gxf4 Nxe3 17. Qxe3 Nd4 18. Qf2 Nxf3+ 19. Qxf3 Bg4 20. Qf2 Bxc3+ 21. Bxc3 Rxe2+ 22. Qxe2 Bxe2 23. Kxe2 Qd7 24. Rae1 d5 25. cxd5 Qxd5 0-1


[Site "https://www.chess.com"]

[Event "Titled Tuesday Blitz May 25 2021"]
[White "Asis Gargatagli, Hipolito"]
[Black "Vovk, Orest"]
[WhiteFideId "2260735"]
[BlackFideId "14113490"]
[WhiteElo "2557"]
[BlackElo "2203"]
[Result "1-0"]
[Round "06"]
[TimeControl "180+1"]
[Date "2021.05.25"]
[WhiteClock "0:00:08"]
[BlackClock "0:00:04"]

1. e4 Nc6 2. Nf3 d5 3. exd5 Qxd5 4. Nc3 Qa5 5. Bb5 Bd7 6. a3 O-O-O 7. O-O a6 8. b4 Qb6 9. Be2 Nd4 10. Nxd4 Qxd4 11. Rb1 Nf6 12. Bf3 Bg4 13. h3 Bf5 14. Ne2 Qh4 15. Ng3 Bg6 16. b5 a5 17. b6 c6 18. d3 e6 19. Qe1 Qa4 20. Bd2 Qxc2 21. Qe5 Bd6 22. Qxa5 Kd7 23. Qa7 Qxd2 24. Qxb7+ Ke8 25. Bxc6+ Kf8 26. Ne4 Nxe4 27. dxe4 Qf4 28. g3 Qe5 29. Rfd1 h6 30. Qa7 Kg8 31. b7 Kh7 32. Qe3 Bc5 33. Qf3 Rxd1+ 34. Rxd1 Qc7 35. e5 Qxe5 36. h4 h5 37. Rd7 Rb8 38. a4 Qa1+ 39. Kg2 Qb2 40. a5 Qa2 41. Rxf7 Bxf7 42. Qxf7 Qc2 43. Qxh5+ Kg8 44. Qf3 Qf5 45. Qe2 Qf8 46. a6 Kh8 47. Qh5+ Kg8 48. f4 Ba7 49. Be4 Qf7 50. Qh7+ Kf8 51. Qh8+ Qg8 52. Qh5 Qf7 53. Qe5 Qf6 54. Qd6+ Kg8 55. f5 exf5 56. Bd5+ Kh7 57. Qf4 Qb2+ 58. Kh3 Qf6 59. Bf3 Qxa6 60. Qxf5+ Qg6 61. Qf4 Kh8 62. Be4 Qe6+ 63. Bf5 Qh6 64. Qg4 Qf6 65. Qh5+ Qh6 66. Qg4 Qf6 67. Be4 Qh6 68. Qc8+ Rxc8 69. bxc8=Q# 1-0


[Site "https://www.chess.com"]

[Event "Titled Tuesday Blitz May 25 2021"]
[White "Blanco Ronquillo, Humberto L."]
[Black "Barbero Sendic, Alejandro"]
[WhiteFideId "3504239"]
[BlackFideId "3001288"]
[WhiteElo "2423"]
[BlackElo "2314"]
[Result "1-0"]
[Round "06"]
[TimeControl "180+1"]
[Date "2021.05.25"]
[WhiteClock "0:01:11"]
[BlackClock "0:00:01"]

1. d4 e6 2. c4 d5 3. Nc3 Be7 4. Nf3 Nf6 5. Bf4 O-O 6. e3 Nbd7 7. c5 Ne4 8. Rc1 Nxc3 9. Rxc3 b6 10. b4 a5 11. a3 axb4 12. axb4 Nf6 13. Bd3 Ne4 14. Rc2 bxc5 15. bxc5 Ba6 16. O-O f6 17. h3 c6 18. Rb2 Nc3 19. Qc2 Bxd3 20. Qxd3 Nb5 21. Rfb1 Ra3 22. Rb3 Rxb3 23. Qxb3 Qa5 24. e4 Ra8 25. exd5 exd5 26. Qe3 Nc3 27. Rb7 Bf8 28. Qe6+ Kh8 29. Bd6 Qa1+ 30. Kh2 Bxd6+ 31. cxd6 Qd1 32. Ra7 1-0


[Site "https://www.chess.com"]